 Dungeon Crawl Stone Soup version 0.18.1-8-gdd0e5ea (webtiles) character file.

112 Flavorfulsole the Cutter (level 4, -2/34 HPs)
             Began as a Demonspawn Wanderer on May 28, 2016.
             Engulfed by a cloud of flame (22 damage)
             ... on level 2 of the Dungeon.
             The game lasted 00:11:00 (2131 turns).

Flavorfulsole the Cutter (Demonspawn Wanderer)      Turns: 2131, Time: 00:11:00

Health: -2/34      AC: 11    Str: 14    XL:     4   Next: 63%
Magic:  4/4        EV:  3    Int: 12    God:
Gold:   32         SH:  4    Dex: 13    Spells: 0 memorised, 3 levels left

rFire  . . .     SeeInvis .     b - +1 short sword
rCold  . . .     Gourm    .     e - +0 plate armour
rNeg   . . .     Faith    .     c - +0 buckler
rPois  .         Spirit   .     (no helmet)
rElec  .         Dismiss  .     (no cloak)
rCorr  .         Reflect  .     (no gloves)
SustAt .         Harm     .     (no boots)
MR     .....                    (no amulet)
Stlth  ..........               (no ring)
                                (no ring)

@: not resistant to hostile enchantments, extremely unstealthy
A: claws 1
a: no special abilities


You were on level 2 of the Dungeon.
You were not hungry.

You visited 1 branch of the dungeon, and saw 2 of its levels.

You collected 32 gold pieces.

Inventory:

Hand Weapons
 b - a +1 short sword (weapon)
 i - a +1 mace of protection
 j - a +0 club
Missiles
 f - 5 javelins of penetration (quivered)
Armour
 a - a +2 scale mail
 c - a +0 buckler (worn)
 e - a +0 plate armour (worn)
Scrolls
 h - a scroll of magic mapping {unknown}
Potions
 k - a potion of curing
Comestibles
 d - a bread ration
 g - 4 fruits
 l - a chunk of flesh


   Skills:
 + Level 2.5 Fighting
 + Level 3.6 Short Blades
 + Level 1.1 Throwing
 + Level 2.5 Armour
 + Level 1.7 Dodging
 + Level 1.4 Shields


You had 3 spell levels left.
You didn't know any spells.

Dungeon Overview and Level Annotations

Branches:
Dungeon (2/15)

Altars:


Innate Abilities, Weirdness & Mutations

You have sharp fingernails.


Message History

Your plate armour prevents you from hitting the bat.
The bat hits you but does no damage. x2
The bat barely misses you.
You hit the bat.
You kill the bat!
Found a stone staircase leading up.
Found a dagger.
Found 5 gold pieces.
You now have 32 gold pieces (gained 5).
Found a potion of curing.
Really walk into a travel-excluded area?
Uppercase [Y]es or [N]o only, please.
Really walk into a travel-excluded area?
Uppercase [Y]es or [N]o only, please.
Really walk into a travel-excluded area?
Really walk into that cloud of flame?
You are engulfed in roaring flames.
You are engulfed in roaring flames.
Ouch! That really hurt!
You die...

§ #.....# # #§§§# ##...## #
####...###### #..## #
§§.$...§§§.###.## #
§.$$$.§§...##.######
.....§§§...).......
#...############### ##### #§§§#
######...# #§@§# #.......##
#§§§# #.####..######...# ###
#.......#.......## #.#
#.##......#.##### #.# #####
#.#..###.# #.###...##
#.##.#......########........#
#.......###...<...###.##....#
#.##..............##...##.#.####


There were no monsters in sight!

Vanquished Creatures
  4 adders (D:2)
  An ooze (D:1)
  4 worms
  5 giant geckos
  3 giant cockroaches (D:1)
  6 goblins (D:1)
  10 hobgoblins
  4 jackals (D:1)
  6 bats
  A giant newt (D:2)
  4 kobolds (D:1)
  4 rats
52 creatures vanquished.

Notes
Turn   | Place    | Note
--------------------------------------------------------------
     0 | D:1      | Flavorfulsole the Demonspawn Wanderer began the quest for the Orb.
     0 | D:1      | Flavorfulsole set off with: a +2 scale mail, a +0 short sword, a +0 buckler, a bread ration
     0 | D:1      | Reached XP level 1. HP: 16/16 MP: 1/1
   114 | D:1      | Reached skill level 3 in Short Blades
   116 | D:1      | Gained mutation: You have sharp fingernails. [demonic ancestry]
   116 | D:1      | Reached XP level 2. HP: 18/22 MP: 2/2
   853 | D:1      | Reached XP level 3. HP: 27/27 MP: 3/3
  1634 | D:2      | Reached XP level 4. HP: 27/33 MP: 4/4
  2131 | D:2      | Engulfed by a cloud of flame

Skill      XL: |  1  2 |
---------------+-------+-----
Short Blades   | 3 |  3.6
Armour         | 2 |  2.5
Fighting       | |  2.5
Throwing       | |  1.1
Dodging        | |  1.7
Shields        | |  1.4

Action                   |  1- 3 |  4- 6 || total
-------------------------+-------+-------++-------
Melee: Short sword       |   157 |    68 ||   225
Throw: Javelin           |     7 |     8 ||    15
  Use: Scroll            |     3 |       ||     3
       Potion            |     2 |       ||     2
  Eat: Bread ration      |     1 |       ||     1
       Fruit             |     1 |       ||     1
Armor: Scale mail        |     9 |       ||     9
       Plate armour      |   122 |   116 ||   238
Dodge: Dodged            |    41 |    26 ||    67
Block: Buckler           |    33 |    28 ||    61
